HS
JACKSON HS POLAR BEARS @ STONEMAN DOUGLAS HS EAGLES
03/11/2060
 
TOP OF THE 1ST
Jackson HS Polar Bears batting - Pitching for Stoneman Douglas HS Eagles : RHP Brian Pfleger
Pitching: RHP Brian Pfleger
Batting: LHB Bailey Pierce 0-0: Called Strike
0-1: Ball
1-1: Ball
2-1: Foul Ball, location: 2F
2-2: Ball
3-2: Ground out 4-3 (Groundball, 4S, EV 85.0 MPH)
Batting: RHB Kieran Maier 0-0: Called Strike
0-1: Ball
1-1: Swinging Strike
1-2: Ball
2-2: SOLO HOME RUN (Flyball, 7D, EV 105.0 MPH), Distance : 397 ft
Batting: LHB Avon McAnally 0-0: Swinging Strike
0-1: Swinging Strike
0-2: Ball
1-2: Strikes out swinging
Batting: LHB Trenton Jarosz 0-0: Ball
1-0: Foul Ball, location: 2F
1-1: Ball
2-1: Called Strike
2-2: Ground out 6-3 (Groundball, 6S, EV 76.9 MPH)
Top of the 1st over - 1 run, 1 hit, 0 errors, 0 left on base; Jackson HS 1 - Stoneman Douglas HS 0
BOTTOM OF THE 1ST
Stoneman Douglas HS Eagles batting - Pitching for Jackson HS Polar Bears : RHP Cam DeGrazia
Pitching: RHP Cam DeGrazia
Batting: RHB Chris Reeves 0-0: Ball
1-0: Ball
2-0: Called Strike
2-1: Foul Ball, location: 2F
2-2: Foul Ball, location: 2F
2-2: Foul Ball, location: 2F
2-2: Strikes out swinging
Batting: LHB Sylvester Todd 0-0: Ground out 6-3 (Groundball, 6, EV 81.9 MPH)
Pitching: RHP Reid Corey
Batting: RHB Devyn Glover 0-0: Ground out 1-3 (Groundball, 13S, EV 62.5 MPH)
Bottom of the 1st over - 0 runs, 0 hits, 0 errors, 0 left on base; Jackson HS 1 - Stoneman Douglas HS 0
TOP OF THE 2ND
Jackson HS Polar Bears batting - Pitching for Stoneman Douglas HS Eagles : RHP Brian Pfleger
Batting: RHB Jaren Castro 0-0: Called Strike
0-1: Ball
1-1: Foul Ball, location: 2F
1-2: Foul Ball, location: 2F
1-2: Strikes out swinging
Batting: LHB Sid Davis 0-0: Ball
1-0: Ball
2-0: Called Strike
2-1: Ground out 4-3 (Groundball, 4, EV 103.8 MPH)
Batting: RHB Nic Pease 0-0: Fly out, F8 (Flyball, 89XD, EV 96.2 MPH)
Top of the 2nd over - 0 runs, 0 hits, 0 errors, 0 left on base; Jackson HS 1 - Stoneman Douglas HS 0
BOTTOM OF THE 2ND
Stoneman Douglas HS Eagles batting - Pitching for Jackson HS Polar Bears : RHP Reid Corey
Batting: LHB Winston Ballard 0-0: Ball
1-0: SINGLE (Groundball, 34D, EV 98.1 MPH)
Batting: LHB Shawn Russell 0-0: Foul Ball, location: 2F
0-1: Called Strike
0-2: Strikes out looking
Batting: RHB Morgan Beierschmitt 0-0: Ball
1-0: Foul Ball, location: 2F
1-1: Foul Ball, location: 2F
1-2: Ball
Winston Ballard is caught stealing 2nd base 2-4
2-2: Foul Ball, location: 2F
2-2: Ball
3-2: Fly out, F8 (Flyball, 8RD, EV 97.5 MPH)
Bottom of the 2nd over - 0 runs, 1 hit, 0 errors, 0 left on base; Jackson HS 1 - Stoneman Douglas HS 0
TOP OF THE 3RD
Jackson HS Polar Bears batting - Pitching for Stoneman Douglas HS Eagles : RHP Brian Pfleger
Batting: RHB Giovanny Alice 0-0: Ball
1-0: Foul Ball, location: 2F
1-1: Foul Ball, location: 2F
1-2: Ball
2-2: Ball
3-2: Foul Ball, location: 2F
3-2: Ground out 4-3 (Groundball, 4S, EV 73.1 MPH)
Batting: RHB Corny Boisvert 0-0: Ball
1-0: Ball
2-0: Ball
3-0: Called Strike
3-1: Base on Balls
Batting: LHB Bailey Pierce 0-0: Fly out, F5 (Popup, 56S, EV 81.9 MPH)
Batting: RHB Kieran Maier 0-0: SINGLE (Line Drive, 7LS, EV 100.0 MPH)
Corny Boisvert to second
Batting: LHB Avon McAnally 0-0: Swinging Strike
0-1: Foul Ball, location: 2F
0-2: Foul Ball, location: 2F
0-2: SINGLE (Groundball, 34D, EV 95.6 MPH)
Corny Boisvert to third
Kieran Maier to second
Runner from 3rd tries for Home, SAFE, throw by RF to home
Batting: LHB Trenton Jarosz 0-0: Ball
1-0: Ball
2-0: Called Strike
2-1: Ball
3-1: Called Strike
3-2: Foul Ball, location: 2F
3-2: Base on Balls
Kieran Maier to third
Avon McAnally to second
Batting: RHB Jaren Castro 0-0: Ball
1-0: Fly out, F6 (Popup, 6, EV 63.8 MPH)
Top of the 3rd over - 1 run, 2 hits, 0 errors, 3 left on base; Jackson HS 2 - Stoneman Douglas HS 0
BOTTOM OF THE 3RD
Stoneman Douglas HS Eagles batting - Pitching for Jackson HS Polar Bears : RHP Reid Corey
Batting: RHB Brody Scherer 0-0: SINGLE (Groundball, 34D, EV 106.9 MPH)
Batting: RHB Derek Williams 0-0: Ball
1-0: SINGLE (Line Drive, 4MD, EV 106.9 MPH)
Brody Scherer to second
Batting: RHB Kyle Broadnax 0-0: Ball
1-0: Called Strike
1-1: Ball
2-1: Foul Ball, location: 2F
2-2: Fielders Choice at 2nd, 6-4 (Groundball, 6, EV 79.4 MPH)
Brody Scherer to third
Batting: RHB Chris Reeves 0-0: Called Strike
0-1: Called Strike
0-2: Strikes out swinging
Batting: LHB Sylvester Todd 0-0: Ball
1-0: Ball
Wild Pitch!
Brody Scherer scores
Kyle Broadnax to second
2-0: Swinging Strike
2-1: Swinging Strike
2-2: Strikes out swinging
Bottom of the 3rd over - 1 run, 2 hits, 0 errors, 1 left on base; Jackson HS 2 - Stoneman Douglas HS 1
TOP OF THE 4TH
Jackson HS Polar Bears batting - Pitching for Stoneman Douglas HS Eagles : RHP Brian Pfleger
Batting: LHB Sid Davis 0-0: Foul Ball, location: 2F
0-1: Ball
1-1: Ball
2-1: Called Strike
2-2: Ground out 6-3 (Groundball, 6M, EV 86.2 MPH)
Batting: RHB Nic Pease 0-0: Fly out, F8 (Flyball, 8LD, EV 96.2 MPH)
Batting: RHB Giovanny Alice 0-0: Ball
1-0: Called Strike
1-1: Ground out 6-3 (Groundball, 6MS, EV 85.6 MPH)
Top of the 4th over - 0 runs, 0 hits, 0 errors, 0 left on base; Jackson HS 2 - Stoneman Douglas HS 1
BOTTOM OF THE 4TH
Stoneman Douglas HS Eagles batting - Pitching for Jackson HS Polar Bears : RHP Reid Corey
Batting: RHB Devyn Glover 0-0: Called Strike
0-1: Ball
1-1: SINGLE (Groundball, 4, EV 95.0 MPH)
Batting: LHB Winston Ballard 0-0: Fly out, F8 (Flyball, 8RM, EV 95.6 MPH)
Batting: LHB Shawn Russell 0-0: Ball
1-0: Ball
2-0: Ball
3-0: Base on Balls
Devyn Glover to second
Batting: RHB Morgan Beierschmitt 0-0: Fly out, F8 (Flyball, 78M, EV 81.9 MPH)
Batting: RHB Brody Scherer 0-0: Called Strike
0-1: Ball
1-1: Ball
2-1: Foul Ball, location: 2F
2-2: Strikes out looking
Bottom of the 4th over - 0 runs, 1 hit, 0 errors, 2 left on base; Jackson HS 2 - Stoneman Douglas HS 1
TOP OF THE 5TH
Jackson HS Polar Bears batting - Pitching for Stoneman Douglas HS Eagles : RHP Brian Pfleger
Batting: RHB Corny Boisvert 0-0: Fly out, F8 (Line Drive, 8RS, EV 91.9 MPH)
Batting: LHB Bailey Pierce 0-0: Ball
1-0: Ball
2-0: Ball
3-0: Base on Balls
Batting: RHB Kieran Maier 0-0: Ball
1-0: Swinging Strike
1-1: Grounds into double play, 4-6-3 (Groundball, 4S, EV 90.6 MPH)
Top of the 5th over - 0 runs, 0 hits, 0 errors, 0 left on base; Jackson HS 2 - Stoneman Douglas HS 1
BOTTOM OF THE 5TH
Stoneman Douglas HS Eagles batting - Pitching for Jackson HS Polar Bears : RHP Reid Corey
Pinch Hitting: LHB Blake Barfield 0-0: Fly out, F7 (Flyball, 7, EV 92.5 MPH)
Pinch Hitting: LHB Zane Stephens 0-0: Ground out U3 (Groundball, 3, EV 106.2 MPH)
Batting: RHB Chris Reeves 0-0: Ball
1-0: Ball
2-0: Ball
3-0: Base on Balls
Batting: LHB Sylvester Todd 0-0: Called Strike
Chris Reeves is caught stealing 2nd base 2-6
Bottom of the 5th over - 0 runs, 0 hits, 0 errors, 0 left on base; Jackson HS 2 - Stoneman Douglas HS 1
TOP OF THE 6TH
Jackson HS Polar Bears batting - Pitching for Stoneman Douglas HS Eagles : RHP Brian Pfleger
Now at 2B: Zane Stephens
Now at 3B: Dalton Voyer
Batting: LHB Avon McAnally 0-0: Called Strike
0-1: Fly out, F8 (Flyball, 89D, EV 93.1 MPH)
Pitching: RHP Carson Wise
Batting: LHB Trenton Jarosz 0-0: Ball
1-0: Fly out, F9 (Flyball, 9LD, EV 88.1 MPH)
Batting: RHB Jaren Castro 0-0: Called Strike
0-1: Swinging Strike
0-2: Fly out, F9 (Flyball, 89M, EV 91.2 MPH)
Top of the 6th over - 0 runs, 0 hits, 0 errors, 0 left on base; Jackson HS 2 - Stoneman Douglas HS 1
BOTTOM OF THE 6TH
Stoneman Douglas HS Eagles batting - Pitching for Jackson HS Polar Bears : RHP Reid Corey
Batting: LHB Sylvester Todd 0-0: Ball
1-0: Foul Ball, location: 9LSF, Error on foul ball, E9
1-1: Ball
2-1: Ball
3-1: Base on Balls
Pitching: RHP Cole Erwin
Batting: RHB Devyn Glover 0-0: Called Strike
0-1: Ball
1-1: Foul Ball, location: 2F
1-2: Ball
2-2: Fielders Choice at 2nd, 6-4 (Groundball, 6, EV 75.6 MPH)
Batting: LHB Winston Ballard 0-0: Ball
1-0: DOUBLE (Line Drive, 9LS, EV 96.9 MPH)
Devyn Glover to third
Batting: LHB Shawn Russell 0-0: Fly out, F9 (Line Drive, 9, EV 110.6 MPH)
Runner from 3rd tags up, SCORES, throw by RF
Batting: RHB Morgan Beierschmitt 0-0: Called Strike
0-1: Called Strike
0-2: Ball
1-2: Ball
2-2: Fly out, F9 (Flyball, 9, EV 95.0 MPH)
Bottom of the 6th over - 1 run, 1 hit, 1 error, 1 left on base; Jackson HS 2 - Stoneman Douglas HS 2
TOP OF THE 7TH
Jackson HS Polar Bears batting - Pitching for Stoneman Douglas HS Eagles : RHP Carson Wise
Batting: LHB Sid Davis 0-0: Ball
1-0: Swinging Strike
1-1: Ball
2-1: SINGLE (Line Drive, 7LS, EV 102.5 MPH)
Batting: RHB Nic Pease 0-0: Ball
1-0: Ball
2-0: Ball
3-0: Called Strike
3-1: Foul Ball, location: 2F
3-2: Strikes out swinging
Batting: RHB Giovanny Alice 0-0: 2-RUN HOME RUN (Flyball, 78XD, EV 112.5 MPH), Distance : 447 ft
Batting: RHB Corny Boisvert 0-0: Ball
1-0: Swinging Strike
1-1: SINGLE (Flyball, 78S, EV 85.6 MPH)
Batting: LHB Bailey Pierce 0-0: Called Strike
0-1: SINGLE (Groundball, 4MS, EV 68.8 MPH) (infield hit)
Corny Boisvert to second
Batting: RHB Kieran Maier 0-0: Ball
1-0: DOUBLE (Line Drive, 9LM, EV 101.9 MPH)
Corny Boisvert scores
Bailey Pierce to third
Pitching: LHP Kent Preseau
Batting: LHB Avon McAnally 0-0: Swinging Strike
0-1: Ball
1-1: Ball
2-1: Swinging Strike
2-2: Foul Ball, location: 2F
2-2: DOUBLE (Line Drive, 8RXD, EV 103.8 MPH)
Bailey Pierce scores
Kieran Maier scores
Batting: LHB Trenton Jarosz 0-0: Ball
1-0: Ball
2-0: Called Strike
2-1: Foul Ball, location: 2F
2-2: Ball
3-2: Fly out, F8 (Flyball, 8LXD, EV 110.6 MPH)
Runner from 2nd tags up, SAFE at 3rd, no throw by CF
Batting: RHB Jaren Castro 0-0: Called Strike
0-1: Ball
1-1: Foul Ball, location: 2F
1-2: Strikes out swinging
Top of the 7th over - 5 runs, 6 hits, 0 errors, 1 left on base; Jackson HS 7 - Stoneman Douglas HS 2
BOTTOM OF THE 7TH
Stoneman Douglas HS Eagles batting - Pitching for Jackson HS Polar Bears : RHP Cole Erwin
Batting: RHB Brody Scherer 0-0: Ball
1-0: Ball
2-0: Ball
3-0: Called Strike
3-1: Base on Balls
Batting: RHB Dalton Voyer 0-0: Foul Ball, location: 2F
0-1: Swinging Strike
0-2: Ball
1-2: Hit by Pitch
Brody Scherer to second
Batting: LHB Zane Stephens 0-0: Ball
1-0: Ball
Wild Pitch!
Brody Scherer to third
Dalton Voyer to second
2-0: Foul Ball, location: 2F
2-1: Foul Ball, location: 2F
2-2: Foul Ball, location: 2F
2-2: Foul Ball, location: 2F
2-2: Hit by Pitch
Batting: RHB Chris Reeves 0-0: Ball
1-0: Ball
2-0: SINGLE (Line Drive, 8RS, EV 104.4 MPH)
Brody Scherer scores
Dalton Voyer to third
Zane Stephens to second
Batting: LHB Sylvester Todd 0-0: Ball
1-0: Fly out, F8 (Line Drive, 8RD, EV 101.9 MPH)
Runner from 3rd tags up, SCORES, throw by CF
Batting: RHB Devyn Glover 0-0: Ball
1-0: Foul Ball, location: 2F
1-1: SINGLE (Groundball, 4MD, EV 96.9 MPH)
Zane Stephens to third
Chris Reeves to second
Batting: LHB Winston Ballard 0-0: Foul Ball, location: 2F
0-1: Ball
1-1: SINGLE (Line Drive, 6D, EV 95.0 MPH)
Zane Stephens scores
Chris Reeves to third
Devyn Glover to second
Pitching: RHP Corbin Scott
Batting: LHB Shawn Russell 0-0: Swinging Strike
0-1: Ball
1-1: Swinging Strike
1-2: Ball
2-2: Strikes out swinging
Batting: RHB Morgan Beierschmitt 0-0: Ball
1-0: Ball
2-0: Ball
3-0: Base on Balls
Chris Reeves scores
Devyn Glover to third
Winston Ballard to second
Batting: RHB Brody Scherer 0-0: Foul Ball, location: 2F
0-1: Fly out, F7 (Flyball, 78XD, EV 81.2 MPH)
Bottom of the 7th over - 4 runs, 3 hits, 0 errors, 3 left on base; Jackson HS 7 - Stoneman Douglas HS 6
TOP OF THE 8TH
Jackson HS Polar Bears batting - Pitching for Stoneman Douglas HS Eagles : LHP Kent Preseau
Batting: LHB Sid Davis 0-0: Ball
1-0: Called Strike
1-1: Fly out, F4 (Popup, 4S, EV 75.6 MPH)
Batting: RHB Nic Pease 0-0: Ball
1-0: Called Strike
1-1: Called Strike
1-2: Ball
2-2: Foul Ball, location: 2F
2-2: Ground out 6-3 (Groundball, 6, EV 77.5 MPH)
Batting: RHB Giovanny Alice 0-0: Ground out 6-3 (Groundball, 6, EV 87.5 MPH)
Top of the 8th over - 0 runs, 0 hits, 0 errors, 0 left on base; Jackson HS 7 - Stoneman Douglas HS 6
BOTTOM OF THE 8TH
Stoneman Douglas HS Eagles batting - Pitching for Jackson HS Polar Bears : RHP Corbin Scott
Batting: RHB Dalton Voyer 0-0: Ball
1-0: Foul Ball, location: 2F
1-1: Ball
2-1: Swinging Strike
2-2: Ball
3-2: Strikes out swinging
Pinch Hitting: RHB Lukas Waters 0-0: Ball
1-0: Foul Ball, location: 2F
1-1: SINGLE (Groundball, 4MD, EV 95.6 MPH)
Batting: RHB Chris Reeves 0-0: Called Strike
0-1: Foul Ball, location: 2F
0-2: Ball
1-2: Foul Ball, location: 2F
1-2: Ball
2-2: Ball
3-2: Fielders Choice at 2nd, 3-6 (Groundball, 3, EV 82.5 MPH)
Batting: LHB Sylvester Todd 0-0: Foul Ball, location: 2F
0-1: Swinging Strike
0-2: Ball
1-2: Foul Ball, location: 2F
1-2: Ball
2-2: Ball
3-2: Foul Ball, location: 2F
3-2: Foul Ball, location: 2F
3-2: Foul Ball, location: 2F
3-2: SINGLE (Line Drive, 8RS, EV 105.6 MPH)
Chris Reeves to second
Chris Reeves to third
Batting: RHB Devyn Glover 0-0: Ball
1-0: Called Strike
1-1: Ball
2-1: Ball
3-1: Foul Ball, location: 2F
3-2: Fly out, F9 (Line Drive, 89M, EV 99.4 MPH)
Bottom of the 8th over - 0 runs, 2 hits, 0 errors, 2 left on base; Jackson HS 7 - Stoneman Douglas HS 6
TOP OF THE 9TH
Jackson HS Polar Bears batting - Pitching for Stoneman Douglas HS Eagles : LHP Kent Preseau
Now at 2B: Lukas Waters
Batting: RHB Corny Boisvert 0-0: Called Strike
0-1: Ball
1-1: Ball
2-1: Ball
3-1: Base on Balls
Batting: LHB Bailey Pierce 0-0: Bunted foul
0-1: Bunted foul
0-2: Ball
1-2: Reached on error, E4 (Groundball, 4, EV 88.8 MPH)
Corny Boisvert to second
Batting: RHB Kieran Maier 0-0: Ball
1-0: Fly out, F6 (Flyball, 6D, EV 85.0 MPH)
Pitching: RHP Bennet Hokuaonani
Batting: LHB Avon McAnally 0-0: Foul Ball, location: 2F
0-1: SINGLE (Line Drive, 6MD, EV 96.9 MPH)
Corny Boisvert to third
Bailey Pierce to second
Runner from 3rd tries for Home, throw by CF and OUT! 8-2
Batting: SHB Cordell Fudge 0-0: Ball
1-0: Called Strike
1-1: Ball
2-1: Foul Ball, location: 2F
2-2: Foul Ball, location: 2F
2-2: Ball
3-2: Foul Ball, location: 2F
3-2: Strikes out looking
Top of the 9th over - 0 runs, 1 hit, 1 error, 2 left on base; Jackson HS 7 - Stoneman Douglas HS 6
BOTTOM OF THE 9TH
Stoneman Douglas HS Eagles batting - Pitching for Jackson HS Polar Bears : RHP Corbin Scott
Pitching: RHP Dante Burgess
Batting: LHB Winston Ballard 0-0: Fly out, F8 (Flyball, 8RD, EV 88.8 MPH)
Batting: LHB Shawn Russell 0-0: Ball
1-0: Ball
2-0: Foul Ball, location: 2F
2-1: Foul Ball, location: 2F
2-2: Foul Ball, location: 2F
2-2: SOLO HOME RUN (Flyball, 9LD, EV 94.4 MPH), Distance : 365 ft
Batting: RHB Morgan Beierschmitt 0-0: Swinging Strike
0-1: Ball
1-1: Foul Ball, location: 2F
1-2: Foul Ball, location: 2F
1-2: Strikes out swinging, 2-3 out at first.
Batting: RHB Brody Scherer 0-0: Ball
1-0: Called Strike
1-1: Ball
2-1: Foul Ball, location: 2F
2-2: Foul Ball, location: 2F
2-2: Fly out, F8 (Flyball, 8RM, EV 95.0 MPH)
Bottom of the 9th over - 1 run, 1 hit, 0 errors, 0 left on base; Jackson HS 7 - Stoneman Douglas HS 7
TOP OF THE 10TH
Jackson HS Polar Bears batting - Pitching for Stoneman Douglas HS Eagles : RHP Bennet Hokuaonani
Pitching: LHP Seamus Hart
Batting: RHB Jaren Castro 0-0: Foul Ball, location: 2F
0-1: Ball
1-1: Called Strike
1-2: Ground out 6-3 (Groundball, 6, EV 86.2 MPH)
Pinch Hitting: LHB Brian Fischer 0-0: Ball
1-0: Ball
2-0: Called Strike
2-1: Swinging Strike
2-2: Ground out 6-3 (Groundball, 6, EV 108.8 MPH)
Batting: RHB Nic Pease 0-0: Foul Ball, location: 2F
0-1: Ball
1-1: Swinging Strike
1-2: Foul Ball, location: 2F
1-2: Ball
2-2: Foul Ball, location: 2F
2-2: Ground out 6-3 (Groundball, 6, EV 86.9 MPH)
Top of the 10th over - 0 runs, 0 hits, 0 errors, 0 left on base; Jackson HS 7 - Stoneman Douglas HS 7
BOTTOM OF THE 10TH
Stoneman Douglas HS Eagles batting - Pitching for Jackson HS Polar Bears : RHP Dante Burgess
Now in CF: Johnathon Higashi
Now in RF: Avon McAnally
Batting: RHB Dalton Voyer 0-0: Called Strike
0-1: Ground out 4-3 (Groundball, 34, EV 76.9 MPH)
Batting: RHB Lukas Waters 0-0: Ball
1-0: Ball
2-0: Called Strike
2-1: Foul Ball, location: 2F
2-2: Foul Ball, location: 2F
2-2: Ball
3-2: Base on Balls
Batting: RHB Chris Reeves 0-0: Ball
1-0: Ball
2-0: Called Strike
2-1: Fly out, F3 (Popup, 3F, EV 66.9 MPH)
Batting: LHB Sylvester Todd 0-0: Ground out 4-3 (Groundball, 4, EV 88.1 MPH)
Bottom of the 10th over - 0 runs, 0 hits, 0 errors, 1 left on base; Jackson HS 7 - Stoneman Douglas HS 7
TOP OF THE 11TH
Jackson HS Polar Bears batting - Pitching for Stoneman Douglas HS Eagles : LHP Seamus Hart
Batting: RHB Giovanny Alice 0-0: Swinging Strike
0-1: Called Strike
0-2: SOLO HOME RUN (Flyball, 9D, EV 96.9 MPH), Distance : 375 ft
Batting: RHB Corny Boisvert 0-0: Ball
1-0: Foul Ball, location: 2F
1-1: Ball
2-1: Ball
3-1: Base on Balls
Batting: LHB Bailey Pierce 0-0: Ball
1-0: Sac Bunt to 13S - play at first, batter OUT! 1-3
Corny Boisvert to second
Batting: RHB Kieran Maier 0-0: Intentional Walk
Batting: LHB Avon McAnally 0-0: Ball
1-0: Called Strike
Corny Boisvert is caught stealing 3rd base 2-5
1-1: Called Strike
1-2: Foul Ball, location: 2F
1-2: Strikes out swinging
Top of the 11th over - 1 run, 1 hit, 0 errors, 1 left on base; Jackson HS 8 - Stoneman Douglas HS 7
BOTTOM OF THE 11TH
Stoneman Douglas HS Eagles batting - Pitching for Jackson HS Polar Bears : RHP Dante Burgess
Batting: RHB Devyn Glover 0-0: Called Strike
0-1: Ground out 5-3 (Groundball, 56, EV 110.6 MPH)
Batting: LHB Winston Ballard 0-0: Foul Ball, location: 2F
0-1: Ground out 5-3 (Groundball, 5L, EV 105.6 MPH)
Batting: LHB Shawn Russell 0-0: Ground out 5-3 (Groundball, 5, EV 91.9 MPH)
Bottom of the 11th over - 0 runs, 0 hits, 0 errors, 0 left on base; Jackson HS 8 - Stoneman Douglas HS 7
Wednesday, April 17th , 2024 - OOTP Baseball 23.10 Build 110